 Dungeon Crawl Stone Soup version 0.27.0-1-g7a089689b8 (webtiles) character file.

Game seed: 11455036894944665950

1005 SomeFlowers the Poker (level 8, -1/79 HPs)
             Began as an Ogre Abyssal Knight on July 31, 2021.
             Was a Believer of Lugonu.
             Slain by an acid dragon (14 damage)
             ... on level 5 of the Dungeon.
             The game lasted 00:11:07 (3306 turns).

SomeFlowers the Poker (Ogre Abyssal Knight)         Turns: 3306, Time: 00:11:08

Health: -1/79      AC: -1    Str: 18    XL:     8   Next: 20%
Magic:  10/10      EV: 10    Int: 13    God:    Lugonu [**....]
Gold:   250        SH:  0    Dex:  9    Spells: 7/7 levels left

rFire    . . .     SeeInvis .   f - +0 spear (venom)
rCold    . . .     Faith    .   (no shield)
rNeg     . . .     Spirit   .   b - +0 robe
rPois    .         Reflect  .   (helmet restricted)
rElec    .         Harm     .   (no cloak)
rCorr    .         Rampage  .   (gloves unavailable)
Will     .....                  (boots unavailable)
Stlth    +.........             h - amulet of regeneration
HPRegen  1.23/turn              (no ring)
MPRegen  0.12/turn              (no ring)

@: mighty, corroded
A: large, unfitting armour, tough skin 1
a: Renounce Religion, Depart the Abyss, Bend Space


You were on level 5 of the Dungeon.
You worshipped Lugonu.
Lugonu was pleased with you.
You visited 1 branch of the dungeon, and saw 6 of its levels.
You visited the Abyss 1 time.

You collected 250 gold pieces.

Inventory:

Hand Weapons
 a - a +1 spear
 f - a +0 spear of venom (weapon)
 j - a +1 spear of distortion
 n - a +5 dire flail of holy wrath
Missiles
 d - 3 large rocks
 m - 14 stones (quivered)
Armour
 b - a +0 robe (worn)
 g - a +0 pair of boots
Magical Staves
 i - a staff of conjuration
Jewellery
 h - an amulet of regeneration (around neck)
Wands
 p - a wand of charming (8)
Scrolls
 c - a scroll of identify {unknown}
 l - a scroll of fog {unknown}
 o - 2 scrolls of brand weapon {unknown}
 q - 2 scrolls of teleportation
 r - a scroll of enchant armour {unknown}
Potions
 e - a potion of resistance {unknown}


   Skills:
 + Level 4.5 Fighting
 + Level 7.6(7.7) Polearms
 - Level 1.0(4.8) Staves
 * Level 4.3 Throwing
 - Level 2.2 Dodging
 * Level 2.9 Invocations


You had 7 spell levels left.
You didn't know any spells.
Your spell library contained the following spells:

 Spells                   Type           Power      Damage    Failure   Level
 Static Discharge         Conj/Air       0%         N/A       43%         2
 Frozen Ramparts          Ice            0%         1d2       67%         3
 Dispel Undead            Necr           0%         3d6       97%         4
 Ice Form                 Ice/Tmut       0%         N/A       97%         4
 Sticky Flame             Conj/Fire      0%         2d3       97%         4
 Summon Ice Beast         Ice/Summ       0%         N/A       97%         4


Dungeon Overview and Level Annotations

Branches:
Dungeon (6/15)             Temple (0/1) D:4

Altars:
Nemelex Xobeh
Vehumet

Shops:
D:1 [   D:5 (

Annotations:
D:4 Pikel
D:5 Dowan, Duvessa


Innate Abilities, Weirdness & Mutations

You are too large for most types of armour.
You have tough skin. (AC +1)


Message History

The hound is almost dead.
The hound bites you.
You barely miss the hound.
The hound is almost dead.
The hound bites you.
You hit the hound.
The hound is almost dead.
You kill the hound!
Lugonu accepts your kill.
You see here a hound corpse.
You now have 234 gold pieces (gained 14).
You now have 250 gold pieces (gained 16).
The acid dragon roars!
The acid dragon spits acid at you. The splash of acid hits you!
The acid corrodes you!
You are splashed with acid!
Okay, then.
Reach: f) +0 spear (venom)
Press: ? - help, Dir - move target, f - acid dragon
Aim: an acid dragon (about 37% to evade your +0 spear of venom)
You reach to attack!
You closely miss the acid dragon. The acid dragon spits acid at you.
The splash of acid hits you! The acid corrodes you!
You are splashed with acid!
Reach: f) +0 spear (venom)
Press: ? - help, Dir - move target, f/p - acid dragon
Aim: an acid dragon (catching its breath, about 37% to evade your +0 spear of venom)
You reach to attack!
You closely miss the acid dragon.
You hit the acid dragon but do no damage.
The acid dragon bites you! The acid dragon claws you.
* * * LOW HITPOINT WARNING * * *
It was a potion of might.
You feel very mighty all of a sudden. The acid dragon bites you.
* * * LOW HITPOINT WARNING * * *
The acid dragon claws you.
* * * LOW HITPOINT WARNING * * *
You closely miss the acid dragon. You hit the acid dragon.
The acid dragon is moderately wounded.
The acid dragon bites you!
You die...

#..........#
.....>...†..#
#.###.......#
# #≈#...(...#
#.#≈#.......#
#.#≈#.......#
#..≈........#
#..≈D#.####≈#
##.≈@#.≈# .#
##≈##.≈# .≈
#≈ #.≈≈ ≈..
## .D... ≈≈≈
..≈≈..
..≈≈.≈.


You could see an acid dragon.

Vanquished Creatures
  Eustachio (D:4)
  Edmund (D:5)
  2 lemures
  A gnoll sergeant (D:5)
  2 scorpions
  A water moccasin skeleton (D:4)
  A jelly (D:5)
  A centaur zombie (D:5)
  A hound (D:5)
  An orc priest (D:5)
  Ijyb (D:6)
  2 iguanas (D:5)
  An orc wizard (D:6)
  A hound zombie (D:5)
  A hound skeleton (D:4)
  6 gnolls
  4 adders
  3 dart slugs
  3 orcs
  7 endoplasms
  3 goblins
  5 hobgoblins
  3 jackals (D:2)
  2 quokkas
  4 ball pythons
  6 bats
  3 frilled lizards
  6 kobolds
  4 rats
77 creatures vanquished.

Notes
Turn   | Place    | Note
-------+----------+-------------------------------------------
     0 | Abyss:1  | SomeFlowers the Ogre Abyssal Knight began the quest for the
                  | Orb.
     0 | Abyss:1  | Reached XP level 1. HP: 24/24 MP: 2/2
    51 | D:1      | Escaped the Abyss
   176 | D:1      | Found Ciostro's Antique Armour Boutique.
   327 | D:1      | Reached XP level 2. HP: 28/33 MP: 3/3
   544 | D:1      | Found a faded altar of an unknown god.
   802 | D:2      | Reached * piety under Lugonu
   803 | D:2      | Reached skill level 1 in Staves
   803 | D:2      | Reached XP level 3. HP: 29/40 MP: 4/4
   967 | D:2      | Reached skill level 1 in Throwing
  1355 | D:2      | Reached XP level 4. HP: 34/49 MP: 5/5
  1613 | D:3      | Found a radiant altar of Vehumet.
  2015 | D:3      | Found a sparkling altar of Nemelex Xobeh.
  2119 | D:4      | Noticed Eustachio
  2125 | D:4      | Killed Eustachio
  2126 | D:4      | Reached skill level 4 in Polearms
  2126 | D:4      | Reached XP level 5. HP: 55/55 MP: 5/7
  2181 | D:4      | Found a staircase to the Ecumenical Temple.
  2192 | D:4      | Reached XP level 6. HP: 63/63 MP: 8/8
  2225 | D:4      | Reached ** piety under Lugonu
  2286 | D:4      | Noticed a necrophage
  2458 | D:4      | Noticed Pikel
  2479 | D:5      | Entered Level 5 of the Dungeon
  2479 | D:5      | Noticed Edmund
  2480 | D:5      | Noticed Ijyb
  2494 | D:5      | Noticed Dowan
  2495 | D:5      | Noticed Duvessa
  2501 | D:5      | Noticed an ice beast
  2608 | D:5      | Reached skill level 5 in Polearms
  2776 | D:5      | Found Goluoc's Weapon Shoppe.
  2797 | D:5      | Reached XP level 7. HP: 71/71 MP: 9/9
  2888 | D:5      | Reached skill level 6 in Polearms
  2935 | D:5      | Killed Edmund
  3058 | D:6      | Killed Ijyb
  3059 | D:6      | Reached skill level 7 in Polearms
  3109 | D:5      | Reached XP level 8. HP: 69/79 MP: 10/10
  3306 | D:5      | Slain by an acid dragon

Illustrated notes

Levels and vault maps discovered:
D:1:      scummos_arrival_star, layout_rooms, serial_rivers,
          chequers_serial_rivers_large_a, chequers_serial_rivers_room_b,
          chequers_serial_rivers_small_3, chequers_serial_rivers_micro_b,
          chequers_serial_rivers_small_b, chequers_serial_rivers_micro_b,
          basic_ecumenical_altar, serial_shops, nicolae_shop_waterfront,
          nrook_loot_triangle
D:2:      layout_basic
D:3:      layout_loops_cross, nemelex_spade_bored_becter,
          nicolae_vehumet_radiance
D:4:      layout_loops_ring, lemuel_tele_altar, minmay_temple_entry_large_hall,
          minmay_misc_feat_tiny, uniq_pikel, uniq_eustachio, uniq_blork_the_orc
D:5:      layout_rooms, serial_shops, shop, serial_rivers,
          chequers_serial_rivers_marsh, chequers_serial_rivers_room_a,
          chequers_serial_rivers_marsh, chequers_serial_rivers_micro_a,
          uniq_crazy_yiuf_cottage, uniq_ijyb, uniq_edmund, uniq_duvessa
D:6:      layout_rooms, minmay_ruffians, uniq_maggie

Skill      XL: |  1  2  3  4  5  6  7 |
---------------+----------------------+-----
Staves         | 1 |  1.0
Throwing       | 1 2 3 4 |  4.3
Polearms       | 4 5 7 |  7.6
Fighting       | |  4.5
Dodging        | |  2.2
Invocations    | |  2.9

Action                   |  1- 3 |  4- 6 |  7- 9 || total
-------------------------+-------+-------+-------++-------
Melee: Spear             |    87 |   151 |   105 ||   343
Throw: Large rock        |     4 |     8 |       ||    12
       Stone             |       |     3 |       ||     3
Invok: Depart the Abyss  |     1 |       |       ||     1
  Use: Scroll            |       |     3 |       ||     3
       Potion            |       |     1 |     1 ||     2
 Stab: Sleeping          |     1 |       |       ||     1
Armor: Robe              |    25 |    28 |    11 ||    64
Dodge: Dodged            |    34 |    73 |    32 ||   139
